 Dungeon Sprint DCSS version 0.28.0-43-g3370ac3207 (webtiles) character file.

Game seed: 13326501470832808617

4895 boopmooplesden the Cleaver (level 10, -6/104 HPs)
             Began as a Minotaur Berserker on Mar 6, 2022.
             Was the Champion of Trog.
             Mangled by a spriggan rider
             ... wielding a +0 spear
              (9 damage)
             ... in the Dungeon (Sprint IV: "Fedhas' Mad Dash").
             The game lasted 00:04:25 (1873 turns).

boopmooplesden the Cleaver (Minotaur Berserker)     Turns: 1873, Time: 00:04:26

Health: -6/104     AC:  6    Str: 27    XL:     10   Next: 26%
Magic:  9/9        EV: 15    Int:  4    God:    Trog [******]
Gold:   100        SH:  0    Dex: 12    Spells: 9/9 levels left

rFire   . . .      SeeInvis .   m - +1 battleaxe (vorpal)
rCold   . . .      Faith    .   (shield currently unavailable)
rNeg    . . .      Spirit   .   k - +0 leather armour
rPois   .          Reflect  .   (helmet restricted)
rElec   .          Harm     .   (no cloak)
rCorr   .          Rampage  .   l - +1 pair of gloves {Str+3}
Will    .....      NoTele   +   (no boots)
Stlth   +++.......              j - amulet of invisibility {+Inv}
HPRegen 0.27/turn               (no ring)
MPRegen 0.11/turn               (no ring)

@: on berserk cooldown, hasted, very quick
A: horns 2, retaliatory headbutt
a: Renounce Religion, Evoke Invisibility, Berserk, Trog's Hand, Brothers in Arms


You were in the Dungeon.
You worshipped Trog.
Trog was exalted by your worship.
You visited 1 branch You collected 213 gold pieces.
You spent 113 gold pieces at shops.

Inventory:

Hand Weapons
 a - a +0 hand axe
 b - a +0 demon blade of venom
 m - a +1 vorpal battleaxe (weapon)
 n - a +3 great sword of flaming
Armour
 k - a +0 leather armour (worn)
 l - a +1 pair of gloves of strength (worn)
Jewellery
 j - the amulet of invisibility (around neck) {+Inv}
   (You found it in the Dungeon)

   [amulet of nothing]

   +Inv:      It lets you turn invisible.
Scrolls
 h - a scroll of blinking
 i - a scroll of immolation {unknown}
Potions
 c - a potion of curing
 d - a potion of heal wounds
 f - 2 potions of magic
 g - a potion of berserk rage


   Skills:
 + Level 14.6 Fighting
 + Level 10.7 Long Blades
 + Level 14.7 Axes
 + Level 6.5 Armour
 + Level 8.6 Dodging
 + Level 6.9 Stealth
 + Level 9.2 Evocations


You had 9 spell levels left.
You didn't know any spells.
Your spell library was empty.

Dungeon Overview and Level Annotations

Branches:
Dungeon (1/1)

Altars:
Cheibriados
Dithmenos
Elyvilon
Gozag
Hepliaklqana
Kikubaaqudgha
Makhleb
Nemelex Xobeh
Okawaru
Qazlal
Ru
Sif Muna
Trog
Uskayaw
Vehumet
Wu Jian
Xom
Yredelemnul
Zin
The Shining One
Beogh
Jiyva
Lugonu

Shops:
D *(?=


Innate Abilities, Weirdness & Mutations

You have a pair of horns on your head.
You reflexively headbutt those who attack you in melee.


Message History

The demonic crawler completely misses you.
The demonic crawler misses you.
The demonic crawler shrieks in warning!
You hear a shout!
You're still recovering from your berserk rage.
You carve the demonic crawler like a ham!!!
You kill the demonic crawler!
Trog accepts your kill.
A spriggan rider comes into view. It is wielding a +0 spear.
The spriggan closely misses you.
You hit the spriggan. The spriggan blocks your attack.
The spriggan is lightly wounded.
The spriggan hits you with a +0 short sword.
You miss the spriggan. Your headbutt misses the spriggan.
The spriggan is lightly wounded.
The spriggan barely misses you. The spriggan completely misses you.
You furiously retaliate!
You headbutt the spriggan! You miss the spriggan.
The spriggan is heavily wounded.
You feel yourself speed up. The spriggan rider misses you.
The spriggan hits you with a +0 short sword!
* * * LOW HITPOINT WARNING * * *
The spriggan rider closely misses you.
You slice the spriggan!!
You kill the spriggan!
Trog accepts your kill.
The spriggan rider hits you from afar with a +0 spear!!
* * * LOW HITPOINT WARNING * * *
The spriggan rider closely misses you. You furiously retaliate!
You headbutt the spriggan rider!
Items here: ) [[ †.
You feel much better.
The spriggan rider hits you with a +0 spear!!
* * * LOW HITPOINT WARNING * * *
You feel yourself speed up.
The spriggan rider hits you with a +0 spear!
* * * LOW HITPOINT WARNING * * *
The spriggan rider hits you from afar with a +0 spear!
You die...

#####################
._.⌠.#.)')..#....##∩#
_._..'..#)..#....'..#
._...#..###'##.:.##∩#
_._..#..##∩∩.'...#### .
._.⌠.############# ##...
##########....()###.....♣
)###.'.)'......(@)ii..♣
♣##:.#..#.P.....#######
.###.##+##......# ♣'...#
######## ######


You could see a spriggan rider and a spriggan.

Vanquished Creatures
  A spriggan druid (D)
  6 oklob plants (D)
  A demonic crawler (D)
  3 burning bushes (D)
  A queen bee (D)
  3 wandering mushrooms (D)
  3 scorpions (D)
  4 killer bees (D)
  5 oklob saplings (D)
  3 spriggans (D)
  A river rat (D)
  A rat (D)
  A ballistomycete spore (D)
33 creatures vanquished.

Vanquished Creatures (others)
  3 fungi (D)
3 creatures vanquished.

Grand Total: 36 creatures vanquished

Notes
Turn   | Place    | Note
-------+----------+-------------------------------------------
     0 | D        | boopmooplesden the Minotaur Berserker began the quest for
                  | the Orb.
     0 | D        | Reached XP level 1. HP: 19/19 MP: 0/0
    11 | D        | Reached XP level 2. HP: 25/28 MP: 1/1
   121 | D        | Noticed an oklob sapling
   123 | D        | Killed an oklob sapling
   123 | D        | Reached ** piety under Trog
   124 | D        | Reached XP level 3. HP: 32/37 MP: 2/2
   125 | D        | Noticed a scorpion
   125 | D        | Found the amulet of invisibility {+Inv}
   126 | D        | Killed a scorpion
   127 | D        | Reached XP level 4. HP: 41/47 MP: 3/3
   339 | D        | Found an opulent altar of Gozag.
   339 | D        | Found a hazy altar of Hepliaklqana.
   339 | D        | Found a snail-covered altar of Cheibriados.
   341 | D        | Found a viscous altar of Jiyva.
   341 | D        | Found a burning altar of Makhleb.
   341 | D        | Found a sparkling altar of Nemelex Xobeh.
   341 | D        | Found a sacrificial altar of Ru.
   341 | D        | Found a shimmering blue altar of Sif Muna.
   341 | D        | Found a bloodstained altar of Trog.
   341 | D        | Found an ornate altar of the Wu Jian Council.
   341 | D        | Found a shimmering altar of Xom.
   341 | D        | Found a basalt altar of Yredelemnul.
   342 | D        | Found an iron altar of Okawaru.
   342 | D        | Found a shadowy altar of Dithmenos.
   342 | D        | Found a glowing silver altar of Zin.
   343 | D        | Found an ancient bone altar of Kikubaaqudgha.
   343 | D        | Found a hide-covered altar of Uskayaw.
   344 | D        | Found a stormy altar of Qazlal.
   344 | D        | Found a white marble altar of Elyvilon.
   344 | D        | Found a glowing golden altar of the Shining One.
   345 | D        | Found a corrupted altar of Lugonu.
   345 | D        | Found a radiant altar of Vehumet.
   350 | D        | Reached skill level 1 in Evocations
   350 | D        | Reached XP level 5. HP: 56/56 MP: 1/4
   390 | D        | Reached *** piety under Trog
   391 | D        | Reached skill level 1 in Stealth
   415 | D        | Reached skill level 10 in Axes
   415 | D        | Reached skill level 5 in Dodging
   415 | D        | Reached XP level 6. HP: 66/66 MP: 5/5
   420 | D        | Found Violl's Weapon Shop.
   420 | D        | Found Kulori's Assorted Antiques.
   427 | D        | Bought a leather armour for 38 gold pieces
   440 | D        | Noticed a burning bush
   440 | D        | Noticed a wandering mushroom
   441 | D        | Noticed a wandering mushroom
   447 | D        | Reached **** piety under Trog
   448 | D        | Reached skill level 10 in Fighting
   455 | D        | Killed a wandering mushroom
   456 | D        | Reached skill level 5 in Armour
   456 | D        | Reached XP level 7. HP: 74/74 MP: 6/6
   460 | D        | Killed a wandering mushroom
   529 | D        | Killed a burning bush
   642 | D        | Found Jefus's Magic Scroll Shoppe.
   643 | D        | Found Yppicleg's Jewellery Emporium.
   657 | D        | Bought a scroll of enchant armour for 75 gold pieces
   697 | D        | Noticed a queen bee
   710 | D        | Reached skill level 5 in Evocations
   710 | D        | Reached XP level 8. HP: 85/85 MP: 5/7
   714 | D        | Killed a queen bee
   714 | D        | Reached ***** piety under Trog
   715 | D        | Reached skill level 1 in Long Blades
   963 | D        | Noticed an oklob plant
   970 | D        | Killed an oklob plant
  1149 | D        | Noticed a burning bush
  1157 | D        | Killed a burning bush
  1167 | D        | Noticed a burning bush
  1167 | D        | Noticed an oklob plant
  1168 | D        | Noticed a wandering mushroom
  1172 | D        | Killed a burning bush
  1173 | D        | Reached skill level 5 in Long Blades
  1173 | D        | Reached skill level 5 in Stealth
  1173 | D        | Reached XP level 9. HP: 58/93 MP: 8/8
  1321 | D        | Killed a wandering mushroom
  1327 | D        | Killed an oklob plant
  1384 | D        | Noticed a spriggan druid
  1389 | D        | Killed a spriggan druid
  1389 | D        | Received a gift from Trog
  1422 | D        | Noticed an oklob plant conjurer
  1424 | D        | Killed an oklob plant conjurer
  1827 | D        | Noticed an oklob plant
  1827 | D        | Noticed an oklob plant summoner
  1832 | D        | Noticed an oklob plant shifter
  1838 | D        | Killed an oklob plant summoner
  1845 | D        | Killed an oklob plant shifter
  1845 | D        | Reached ****** piety under Trog
  1845 | D        | Received a gift from Trog
  1846 | D        | Reached XP level 10. HP: 104/104 MP: 7/9
  1848 | D        | Killed an oklob plant
  1849 | D        | Reached skill level 10 in Long Blades
  1865 | D        | Noticed a spriggan rider
  1872 | D        | HP: 3/104 [spriggan rider/+0 spear (15)]
  1873 | D        | Mangled by a spriggan rider

Illustrated notes

Levels and vault maps discovered:
D:        dungeon_sprint_fedhas [sprint_temple]

Skill      XL: |  1  2  3  4  5  6  7  8  9 10 |
---------------+-------------------------------+-----
Fighting       | 4 6 7 8 9 11 12 13 14 | 14.6
Axes           | 4 6 7 9 10 11 12 14 | 14.7
Armour         | 3 4 5 6 |  6.5
Dodging        | 3 4 5 6 7 8 |  8.6
Evocations     | 1 2 3 5 7 8 9 |  9.2
Stealth        | 1 2 3 5 6 |  6.9
Long Blades    | 5 9 10 | 10.7

Action                   |  1- 3 |  4- 6 |  7- 9 | 10-12 || total
-------------------------+-------+-------+-------+-------++-------
Melee: Hand axe          |     6 |    16 |    15 |       ||    37
       Headbutt          |     2 |     5 |    17 |     1 ||    25
       Demon blade       |       |       |    40 |       ||    40
       Punch             |       |       |     2 |       ||     2
       Battleaxe         |       |       |     7 |    11 ||    18
Invok: Berserk           |     2 |     3 |     3 |       ||     8
 Abil: Evoke Invisibilit |       |     3 |     7 |       ||    10
  Use: Scroll            |       |       |     1 |       ||     1
       Potion            |       |       |       |     2 ||     2
 Stab: Sleeping          |       |     2 |     4 |       ||     6
       Invisible         |       |     1 |     4 |     1 ||     6
Armor: Leather armour    |       |     1 |     5 |     1 ||     7
Dodge: Dodged            |     2 |     3 |    35 |    18 ||    58
